 Dungeon Crawl Stone Soup version 0.30.0-29-ga12c61a403 (webtiles) character file.

Game seed: 4049008361014420833

183 seaoflcl the Chopper (level 5, -2/42 HPs)
             Began as a Demonspawn Chaos Knight on June 16, 2023.
             Was a Plaything of Xom.
             Blown up by Ijyb (4 damage)
             ... with a mindburst bolt
             ... on level 3 of the Dungeon.
             The game lasted 00:03:44 (2392 turns).

seaoflcl the Chopper (Demonspawn Chaos Knight)      Turns: 2392, Time: 00:03:45

Health: -2/42      AC: 13    Str: 15    XL:     5   Next: 35%
Magic:  5/5        EV:  9    Int: 13    God:    Xom [.*....]
Gold:   112        SH:  4    Dex: 12    Spells: 4/4 levels left

rFire   . . .        a - +0 hand axe (chaos)
rCold   . . .        (no shield)
rNeg    . . .        m - +0 plate armour
rPois   +            b - +0 hat
rElec   .            (no cloak)
rCorr   .            h - +0 pair of gloves
SInv    .            i - +0 pair of boots
Will    .....        (no amulet) Stlth
                     (no ring)
HPRegen 0.27/turn    (no ring)
MPRegen 0.09/turn

%: no passive effects
@: agile
A: horns 2, large bone plates 1, powered by pain 1, poison resistance
a: Renounce Religion


You were on level 3 of the Dungeon.
You worshipped Xom.
You were a plaything of Xom.
You visited 1 branch of the dungeon, and saw 3 of its levels.

You collected 112 gold pieces.

Inventory:

Hand Weapons
 a - a +0 hand axe of chaos (weapon)
 j - a +2 heavy hand axe
 k - a +2 rapier of flaming
Armour
 b - a +0 hat (worn)
 h - a +0 pair of gloves (worn)
 i - a +0 pair of boots (worn)
 m - a +0 plate armour (worn)
Scrolls
 e - 4 scrolls of identify {unknown}
 f - a scroll of blinking {unknown}
 g - 2 scrolls of teleportation {unknown}
 n - a scroll of enchant weapon {unknown}
 o - a scroll of fog {unknown}
Potions
 d - a potion of resistance {unknown}
 l - 2 potions of curing
 p - a potion of ambrosia {unknown}
Miscellaneous
 c - a piece from Xom's chessboard (13/15) (quivered)


   Skills:
 + Level 3.6 Fighting
 + Level 0.6 Short Blades
 * Level 3.8 Axes
 + Level 2.5 Armour
 + Level 2.0 Dodging
 + Level 1.5 Evocations


You had 4 spell levels left.
You didn't know any spells.
Your spell library contained the following spells:

 Spells                   Type           Power      Damage    Failure   Level
 Ensorcelled Hibernation  Hex/Ice        0%         N/A       100%        2
 Spider Form              Tmut/Pois      0%         N/A       100%        3
 Anguish                  Hex/Necr       0%         N/A       100%        4


Dungeon Overview and Level Annotations

Branches:
Dungeon (3/15)

Altars:
Gozag
Xom

Annotations:
D:3 Ijyb


Innate Abilities, Weirdness & Mutations

You have a pair of horns on your head.
You are partially covered in large bone plates. (SH +4)
You sometimes gain a little power by taking damage.
Your system is resistant to poisons. (rPois)


Message History

Ijyb is moderately wounded.
You block Ijyb's attack.
You barely miss Ijyb.
Ijyb is moderately wounded.
Ijyb zaps a wand.
Your mind is blasted!
You are too injured to fight recklessly!
You are too injured to fight recklessly!
You are too injured to fight recklessly!
You are too injured to fight recklessly!
You are too injured to fight recklessly!
You are too injured to fight recklessly!
You are too injured to fight recklessly!
You are too injured to fight recklessly!
You are too injured to fight recklessly!
You are too injured to fight recklessly!
You are too injured to fight recklessly!
You are too injured to fight recklessly!
You hit Ijyb but do no damage.
Ijyb seems to grow stronger.
Ijyb is moderately wounded.
Ijyb hits you with a +0 club!
* * * LOW HITPOINT WARNING * * *
You hit Ijyb. You burn Ijyb.
Ijyb is heavily wounded.
Ijyb barely misses you.
You hit Ijyb. You freeze Ijyb. You headbutt Ijyb.
Ijyb is almost dead.
Ijyb barely misses you.
You hit Ijyb but do no damage.
Ijyb seems to speed up.
Ijyb is almost dead.
Ijyb completely misses you. Ijyb barely misses you.
You hit Ijyb but do no damage.
Ijyb is almost dead.
Ijyb hits you with a +0 club!
* * * LOW HITPOINT WARNING * * *
You closely miss Ijyb. You headbutt Ijyb.
Ijyb is almost dead.
Ijyb screams, "No!
No, no, no, no!"
Ijyb closely misses you.
Ijyb zaps a wand.
Your mind is blasted!
You die...
Xom is highly amused!

# ### ###.#
#...#######
#..........
###.####### ##
........... $#
###.#############.#.##
#.# #......[.@g...#
###.####.########.#.##
................ ...
###.###########.
.###.# ###......... .#
#.# #........# #.#.#
#.# #..).....# #.#.#
#.# #...[....# #.#<#
#.# #.)).....# ###.#.#
#.# ######


You could see Ijyb (fast, strong).

Vanquished Creatures
  Jessica (D:2)
  2 orc wizards (D:3)
  3 gnolls (D:3)
  2 dart slugs (D:1)
  A worm (D:3)
  4 orcs (D:3)
  6 endoplasms
  4 giant cockroaches
  3 goblins
  9 hobgoblins
  3 jackals (D:1)
  A quokka (D:3)
  5 ball pythons
  8 bats
  2 frilled lizards (D:1)
  10 kobolds
  4 rats
68 creatures vanquished.

Notes
Turn   | Place    | Note
-------+----------+-------------------------------------------
     0 | D:1      | seaoflcl the Demonspawn Chaos Knight began the quest for
                  | the Orb.
     0 | D:1      | Reached XP level 1. HP: 18/18 MP: 1/1
   179 | D:1      | Reached skill level 1 in Dodging
   215 | D:1      | Gained mutation: You have a pair of small horns on your
                  | head. [demonic ancestry]
   215 | D:1      | Reached XP level 2. HP: 20/24 MP: 2/2
   487 | D:1      | XOM: divination: detect creatures
   527 | D:1      | Gained mutation: You sometimes gain a little power by
                  | taking damage. [demonic ancestry]
   527 | D:1      | Reached XP level 3. HP: 15/29 MP: 3/3
   625 | D:1      | XOM: noise
   711 | D:1      | XOM: divination: detect items
   844 | D:1      | Found a faded altar of an unknown god.
   987 | D:2      | XOM: silly message
  1038 | D:2      | Noticed Jessica
  1039 | D:2      | XOM: confuse monster(s)
  1040 | D:2      | XOM: confuse monster(s)
  1045 | D:2      | XOM: scenery: create altars
  1049 | D:2      | Killed Jessica
  1050 | D:2      | Reached skill level 1 in Evocations
  1050 | D:2      | Gained mutation: You are partially covered in large bone
                  | plates. (SH +4) [demonic ancestry]
  1050 | D:2      | Reached XP level 4. HP: 26/35 MP: 4/4
  1258 | D:2      | Found an opulent altar of Gozag.
  1424 | D:2      | XOM: give mutation
  1424 | D:2      | Gained mutation: Your system is resistant to poisons.
                  | (rPois) [Xom's grace]
  1734 | D:3      | XOM: noise
  1771 | D:3      | XOM: polymorph orc -> bat
  1774 | D:3      | Gained mutation: You have a pair of horns on your head.
                  | [demonic ancestry]
  1774 | D:3      | Reached XP level 5. HP: 30/41 MP: 5/5
  2126 | D:3      | XOM: swap monsters
  2380 | D:3      | Noticed Ijyb
  2391 | D:3      | HP: 1/42 [Ijyb/+0 club (7)]
  2392 | D:3      | Blown up by Ijyb

Illustrated notes

Levels and vault maps discovered:
D:1:      tarquinn_simple_flora_water_e, layout_basic,
          hellmonk_ecumenical_altar_inner_sanctum
D:2:      layout_basic, basic_altar, uniq_jessica
D:3:      layout_basic, uniq_ijyb

Skill      XL: |  1  2  3  4  5 |
---------------+----------------+-----
Dodging        | 1 2 |  2.0
Armour         | 2 |  2.5
Axes           | 3 |  3.8
Evocations     | 1 |  1.5
Fighting       | |  3.6
Short Blades   | |  0.6

Action                     |  1- 3 |  4- 6 || total
---------------------------+-------+-------++-------
  Melee: Hand axe          |    94 |   104 ||   198
         Headbutt          |    10 |    13 ||    23
  Evoke: Piece from Xom's  |     4 |       ||     4
   Stab: Confused          |       |     2 ||     2
 Armour: Leather armour    |    32 |    30 ||    62
         Plate armour      |       |    15 ||    15
  Dodge: Dodged            |    57 |    41 ||    98
  Block: Other             |       |    14 ||    14
